[Event "Team 45 45 League T25"]
[Site "Internet Chess Club"]
[Date "2004.12.19"]
[Round "2"]
[White "azbycx"]
[Black "Egmont"]
[Result "1-0"]
[WhiteElo "1876"]
[BlackElo "1705"]
[TimeControl "2700+45"]

1. e4 c5 2. Nf3 Nc6 3. d4 cxd4 4. Nxd4 g6 5. c4 Bg7 6. Be3 Nf6 7. Nc3 Ng4 8.
Qxg4 Nxd4 9. Qd1 Ne6 10. Rc1 O-O 11. Be2 d6 12. O-O Qa5 13. Qd2 Nc5 14. Bd4 Bxd4
15. Qxd4 Qb4 16. Nd5 e5 17. Nf6+ Kg7 18. Qxd6 Nd3 19. Qxd3 Kxf6 20. Rc2 Be6 21.
f4 Qc5+ 22. Kh1 exf4 23. Qc3+ Kg5 24. Rxf4 Kxf4 25. Qg3+ Kxe4 26. Bd3+ Kd4 27.
Qf4+ Kxd3 28. Rd2# {Black checkmated} 1-0

[Event "Team 45 45 League T25"]
[Site "Internet Chess Club"]
[Date "2004.12.18"]
[Round "2"]
[White "tourettes"]
[Black "rickylr"]
[Result "0-1"]
[WhiteElo "1727"]
[BlackElo "1697"]
[TimeControl "2700+45"]

1. e4 e6 2. d3 d5 3. Nd2 Nc6 4. Ngf3 dxe4 5. dxe4 Nf6 6. Bb5 Bd7 7. c3 a6 8. Ba4
Be7 9. O-O O-O 10. Re1 Ng4 11. Bxc6 Bxc6 12. Nd4 Ne5 13. f4 Nd3 14. Nxc6 Bc5+
15. Nd4 Bxd4+ 16. Kf1 Nxe1 17. Qxe1 Ba7 18. Qg3 Qd7 19. Qf3 Rad8 20. Qe2 Qd3 21.
Nf3 Qxe2+ 22. Kxe2 Rd7 23. Bd2 Rfd8 24. h4 h5 25. b3 f6 26. c4 Bd4 27. Rb1 e5
28. fxe5 Bxe5 29. Bb4 Re8 30. Rd1 Rxd1 31. Kxd1 Bg3 32. Nd2 Bxh4 33. Ke2 f5 34.
Kf3 fxe4+ 35. Nxe4 Be7 36. Bc3 g5 37. c5 Rf8+ 38. Kg3 Rf4 39. Nd2 Bxc5 40. Nf3
Bd6 41. Bd2 Rf5+ 42. Kh3 g4+ 43. Kh4 gxf3 44. gxf3 Rxf3 45. Kxh5 Rf2 {White
resigns} 0-1

[Event "Team 45 45 League T25"]
[Site "Internet Chess Club"]
[Date "2004.12.17"]
[Round "2"]
[White "claymil"]
[Black "Bthoven"]
[Result "1-0"]
[WhiteElo "1683"]
[BlackElo "1578"]
[TimeControl "2700+45"]

1. c4 e5 2. Nc3 Nf6 3. g3 c6 4. Bg2 d5 5. cxd5 cxd5 6. e3 Bb4 7. Nge2 d4 8. Ne4
dxe3 9. fxe3 Be7 10. O-O O-O 11. a3 Bg4 12. Nxf6+ Bxf6 13. Bxb7 Qd3 14. Rf2 Bg5
15. Qf1 Na6 16. Bxa8 Rxa8 17. Nc3 Qd7 18. Qxa6 {Black resigns} 1-0

[Event "Team 45 45 League T25"]
[Site "Internet Chess Club"]
[Date "2004.12.21"]
[Round "2"]
[White "e4ia"]
[Black "Lothar"]
[Result "1-0"]
[WhiteElo "1566"]
[BlackElo "1531"]
[TimeControl "2700+45"]

1. c4 Nf6 2. g3 g6 3. Bg2 Bg7 4. Nc3 O-O 5. Nf3 d6 6. O-O e5 7. Rb1 Nc6 8. b4
Be6 9. b5 Na5 10. d3 Rb8 11. Ng5 Bf5 12. e4 Bd7 13. f4 b6 14. f5 c6 15. a4 Nb7
16. g4 Nc5 17. Ba3 Nb7 18. Qd2 Nxg4 19. Bh3 Nf6 20. Bc1 Nh5 21. bxc6 Bxc6 22.
Qf2 Nf6 23. Nd5 Bxd5 24. cxd5 Nc5 25. Qe2 Nxa4 26. Bd2 Nc5 27. fxg6 fxg6 28.
Be6+ Nxe6 29. Nxe6 Qe7 30. Nxf8 Rxf8 31. Bg5 Qd7 32. Bxf6 Rxf6 33. Qg2 b5 34.
Rxf6 Bxf6 35. Rf1 Kg7 36. Qf3 Qd8 37. d4 a5 38. dxe5 dxe5 39. h4 Bxh4 40. Qf7+
Kh6 41. Qf8+ Qxf8 42. Rxf8 b4 43. Ra8 Bg5 44. Rxa5 Kg7 45. d6 Kf7 46. Rxe5 b3
47. Rxg5 b2 48. Rb5 Ke6 49. e5 b1=Q+ 50. Rxb1 {Black resigns} 1-0

[Event "Team 45 45 League T25"]
[Site "Internet Chess Club"]
[Date "2004.12.16"]
[Round "2"]
[White "alaskauk"]
[Black "FattSludge"]
[Result "1/2-1/2"]
[WhiteElo "1500"]
[BlackElo "1449"]
[TimeControl "2700+45"]

1. e4 e5 2. Nf3 Nf6 3. d4 Nxe4 4. Nxe5 d5 5. Bd3 Nd7 6. Nd2 Nxd2 7. Bxd2 Nxe5 8.
dxe5 Be6 9. Qf3 Qd7 10. O-O O-O-O 11. c3 Bc5 12. b4 Bb6 13. a4 a6 14. b5 a5 15.
Bg5 Bg4 16. Qg3 Rdf8 17. h3 Bf5 18. Rad1 f6 19. exf6 gxf6 20. Bxf5 Qxf5 21. Bf4
Rhg8 22. Qf3 Rd8 23. Rd2 Rd7 24. Kh2 c6 25. Rfd1 Bc7 26. Bxc7 Qxf3 27. gxf3 Kxc7
28. Rg1 Rdg7 29. Rxg7+ Rxg7 30. bxc6 Kxc6 31. Rd4 Kc5 32. h4 h5 33. Rf4 Rg6 34.
Rd4 f5 35. Rf4 {Game drawn by mutual agreement} 1/2-1/2

[Event "Team 45 45 League T25"]
[Site "Internet Chess Club"]
[Date "2004.12.17"]
[Round "2"]
[White "Thersites"]
[Black "John"]
[Result "1/2-1/2"]
[WhiteElo "1630"]
[BlackElo "1687"]
[TimeControl "2700+45"]

1. e4 d6 2. d4 Nd7 3. Bc4 c6 4. Nf3 h6 5. Bf4 e6 6. O-O Qc7 7. Bb3 Be7 8. c4
Ngf6 9. Nc3 O-O 10. Qd2 Kh7 11. Bc2 e5 12. Bg3 Nh5 13. Rac1 Nxg3 14. hxg3 Nf6
15. Nh2 Ng4 16. Nxg4 Bxg4 17. f4 Kg8 18. Nd1 exd4 19. Qxd4 Bf6 20. Qd3 Qb6+ 21.
Kh1 Qd4 22. Ne3 Qxd3 23. Bxd3 Bd7 24. Rc2 Rae8 25. Rd1 Bd4 26. Re2 f5 27. Bb1
Bc5 28. e5 Bxe3 29. Rxe3 Re6 30. Rxd6 Rxd6 31. exd6 g6 32. c5 Kg7 33. Bc2 a5 34.
Bb3 Re8 35. Rxe8 Bxe8 36. Kg1 Kf6 37. Kf2 Bd7 38. Ke3 g5 39. a3 Be6 40. Bxe6
Kxe6 41. Kd4 b5 42. cxb6 Kxd6 43. b7 Kc7 44. b8=Q+ Kxb8 45. Kc5 Kc7 46. b4 axb4
47. axb4 Kd7 48. Kc4 Kc7 49. Kd4 Kd6 50. Kc4 Kc7 {Game drawn by mutual
agreement} 1/2-1/2

[Event "Team 45 45 League T25"]
[Site "Internet Chess Club"]
[Date "2004.12.18"]
[Round "2"]
[White "gamlinginn"]
[Black "MrAnderssen"]
[Result "1-0"]
[WhiteElo "1608"]
[BlackElo "1602"]
[TimeControl "2700+45"]

1. Nf3 e6 2. d4 d5 3. e3 Nf6 4. Bd3 Nbd7 5. O-O c5 6. c3 Be7 7. Nbd2 O-O 8. Re1
b6 9. e4 dxe4 10. Nxe4 Bb7 11. Nxf6+ Nxf6 12. dxc5 Bxc5 13. Be3 Qc7 14. Bxc5
Qxc5 15. Qe2 Nd5 16. Qe4 f5 17. Qxe6+ Kh8 18. Qe2 Qc6 19. Nd4 Qg6 20. Bxf5 Rxf5
21. Nxf5 Qxf5 22. Qe8+ Qf8 23. Qxf8+ Rxf8 24. f3 h6 25. c4 Nf4 26. Re7 Rb8 27.
Rd1 Ng6 28. Rc7 Ne5 29. Re1 Re8 30. Kf1 Ba6 31. b3 g5 32. Rxa7 Bc8 33. Ra8 g4
34. f4 {Black resigns} 1-0

[Event "Team 45 45 League T25"]
[Site "Internet Chess Club"]
[Date "2004.12.19"]
[Round "2"]
[White "dougmo"]
[Black "KirkB"]
[Result "1-0"]
[WhiteElo "1642"]
[BlackElo "1543"]
[TimeControl "2700+45"]

1. e4 c5 2. Nc3 Nc6 3. f4 g6 4. Nf3 Bg7 5. Bc4 e6 6. O-O Nge7 7. d3 O-O 8. Qe1
d5 9. exd5 exd5 10. Bb5 a6 11. Bxc6 Nxc6 12. Qf2 b6 13. Re1 Bb7 14. Ne5 Nxe5 15.
fxe5 Re8 16. Bf4 Re6 17. d4 cxd4 18. Qxd4 Rc8 19. Rad1 Qc7 20. Nxd5 Bxd5 21.
Qxd5 Qc5+ 22. Qxc5 bxc5 23. Rd6 a5 24. Rxe6 fxe6 25. Rd1 Rb8 26. b3 Rb4 27. c4
Rb8 28. Rd6 Rf8 29. g3 Rf5 30. Rxe6 Kf7 31. Ra6 Bxe5 32. Bxe5 Rxe5 33. Rxa5 Kf6
34. Kf2 Ke6 35. a4 Kd6 36. Rb5 Re8 37. a5 Ra8 38. h4 Kc7 39. Ke3 {Black resigns}
1-0

[Event "Team 45 45 League T25"]
[Site "Internet Chess Club"]
[Date "2004.12.19"]
[Round "2"]
[White "Mississippian"]
[Black "sdcohle"]
[Result "1-0"]
[WhiteElo "1473"]
[BlackElo "1355"]
[TimeControl "2700+45"]

1. e4 c5 2. Nf3 d6 3. Bc4 h6 4. c3 Nf6 5. Qe2 e5 6. O-O Be7 7. d4 cxd4 8. cxd4
exd4 9. Nxd4 O-O 10. Nc3 Nc6 11. Nxc6 bxc6 12. Be3 Ng4 13. Bf4 Ne5 14. Bb3 Bf6
15. Qe3 Ng6 16. Bg3 Re8 17. Qf3 Be6 18. Ba4 Qd7 19. Rad1 Be5 20. Bxe5 Nxe5 21.
Qf4 f6 22. Rd4 Rac8 23. Rfd1 Qb7 24. b3 Rcd8 25. Rxd6 Rxd6 26. Rxd6 Qb4 27. Qd2
Bh3 28. Qd4 Qb7 29. Qe3 Bd7 30. Ne2 Qc7 31. Rd2 Ng4 32. Qg3 Qc8 33. f3 Ne5 34.
Nf4 Qd8 35. Nh5 Qe7 36. f4 Nf7 37. Qxg7# {Black checkmated} 1-0

[Event "Team 45 45 League T25"]
[Site "Internet Chess Club"]
[Date "2004.12.19"]
[Round "2"]
[White "swingdoc"]
[Black "mickeys"]
[Result "0-1"]
[WhiteElo "1637"]
[BlackElo "1702"]
[TimeControl "2700+45"]

1. e4 c5 2. Nf3 Nc6 3. d4 cxd4 4. Nxd4 Nf6 5. Nc3 d6 6. Be3 Bd7 7. f3 a6 8. Qd2
e6 9. g4 h6 10. h4 b5 11. Be2 Rc8 12. O-O-O b4 13. Nb1 Qa5 14. a3 Qc7 15. Nxc6
Qxc6 16. axb4 d5 17. Bc5 dxe4 18. Bxf8 Kxf8 19. g5 e3 20. Qc3 Nd5 21. Qxc6 Rxc6
22. Rd4 hxg5 23. c4 Ke7 24. Rhd1 gxh4 25. Nc3 Nf6 26. Ne4 Bc8 27. Ng5 h3 28. Rh1
e5 29. Rdd1 Bf5 30. c5 a5 31. Bb5 Rc7 32. c6 e4 33. fxe4 Nxe4 34. Nxe4 Bxe4 35.
Rd7+ Rxd7 36. cxd7 Bxh1 37. bxa5 Rb8 {White resigns} 0-1

[Event "Team 45 45 League T25"]
[Site "Internet Chess Club"]
[Date "2004.12.17"]
[Round "2"]
[White "TheBrewer"]
[Black "allanchs"]
[Result "1/2-1/2"]
[WhiteElo "1609"]
[BlackElo "1619"]
[TimeControl "2700+45"]

1. d4 d5 2. Nf3 Nf6 3. e3 e6 4. Bd3 Bd6 5. O-O O-O 6. Nbd2 Nbd7 7. c3 c5 8. Qe2
Qc7 9. h3 b6 10. Re1 Bb7 11. e4 Nxe4 12. Nxe4 dxe4 13. Bxe4 Bxe4 14. Qxe4 Nf6
15. Qh4 cxd4 16. Nxd4 Rad8 17. Bg5 Be7 18. Rad1 a6 19. a3 Nd5 20. Bxe7 Nxe7 21.
Qe4 Nd5 22. Nf3 Nf6 23. Qe2 b5 24. Qe5 Qxe5 25. Nxe5 Rd5 26. Rxd5 Nxd5 27. Rd1
Rd8 28. g3 Kf8 29. Kf1 Rd6 30. Rd4 Ke7 31. Ke2 f6 32. Nf3 e5 33. Rd1 g6 34. Rd2
Ke6 35. Ne1 f5 36. Nc2 f4 37. g4 e4 38. Rd4 f3+ 39. Kf1 Ke5 40. Ne3 Nxe3+ 41.
fxe3 Rxd4 42. cxd4+ Kd5 43. Kf2 Kc4 44. Kf1 Kd5 45. Kf2 a5 46. Kf1 b4 47. axb4
axb4 48. b3 {Game drawn by mutual agreement} 1/2-1/2

[Event "Team 45 45 League T25"]
[Site "Internet Chess Club"]
[Date "2004.12.18"]
[Round "2"]
[White "PauloBarbosa"]
[Black "bmw2002"]
[Result "1-0"]
[WhiteElo "1585"]
[BlackElo "1519"]
[TimeControl "2700+45"]

1. c4 c5 2. Nc3 Nf6 3. g3 d5 4. cxd5 Nxd5 5. Bg2 e6 6. Qb3 Nb6 7. Qb5+ Qd7 8. b3
a6 9. Qxb6 Bd6 10. Ne4 Nc6 11. Nxc5 Qe7 12. Bxc6+ Kf8 {Black resigns} 1-0

[Event "Team 45 45 League T25"]
[Site "Internet Chess Club"]
[Date "2004.12.20"]
[Round "2"]
[White "AlPearson"]
[Black "Kaseirovski"]
[Result "0-1"]
[WhiteElo "1433"]
[BlackElo "1510"]
[TimeControl "2700+45"]

1. e4 d6 2. Nf3 Nf6 3. Nc3 g6 4. d4 Bg7 5. Bf4 O-O 6. Be2 c6 7. O-O Nbd7 8. h3
Qa5 9. a3 e5 10. b4 Qc7 11. dxe5 dxe5 12. Bg3 Nh5 13. Bh2 Nf4 14. Bc4 b5 15. Bb3
h6 16. Ne2 Bb7 17. Nxf4 exf4 18. Ra2 Rad8 19. Qc1 g5 20. h4 Ne5 21. hxg5 Nxf3+
22. gxf3 hxg5 23. c4 Qd7 24. Kg2 Bc8 25. Rh1 Qh3+ 26. Kg1 Qxf3 27. cxb5 Bh3 28.
Bxf7+ Rxf7 29. Qf1 Bxf1 {White resigns} 0-1

[Event "Team 45 45 League T25"]
[Site "Internet Chess Club"]
[Date "2004.12.16"]
[Round "2"]
[White "Rainbird"]
[Black "tgralex"]
[Result "1/2-1/2"]
[WhiteElo "1640"]
[BlackElo "1689"]
[TimeControl "2700+45"]

1. Nf3 Nc6 2. d4 d5 3. g3 h6 4. Bg2 Bg4 5. O-O e6 6. c4 Nf6 7. Nc3 Bb4 8. cxd5
exd5 9. Ne5 Bxc3 10. bxc3 Nxe5 11. dxe5 Nd7 12. Qxd5 c6 13. Qe4 Be6 14. Ba3 Qa5
15. Qb4 Qxb4 16. cxb4 Nxe5 17. Bb2 f6 18. f4 Nc4 19. Bd4 O-O 20. e4 Rfd8 21.
Rfd1 b6 22. e5 fxe5 23. Bxe5 Rxd1+ 24. Rxd1 Rc8 25. Kf2 Kf7 26. Be4 Nxe5 27.
fxe5 c5 28. a3 cxb4 29. axb4 Rc4 30. Ke3 Rxb4 31. Rd6 a5 32. h4 a4 33. Rd8 a3
34. Ra8 a2 35. Ra7+ Kf8 36. Ra8+ Ke7 37. Ra7+ Kd8 38. Ra8+ Kc7 39. Ra7+ Kc8 40.
Ra8+ Kd7 41. Ra7+ Ke8 42. Ra8+ Ke7 43. Ra7+ Bd7 44. Rxa2 Ke6 45. Ra7 g5 46. hxg5
hxg5 47. Kf3 g4+ 48. Ke3 Kxe5 49. Rxd7 Rxe4+ 50. Kd3 Ra4 51. Rb7 Ra3+ 52. Ke2
Rxg3 53. Rxb6 Rf3 54. Rb5+ Kf4 55. Rb4+ Kg3 56. Ra4 Rf7 57. Ra3+ Kg2 58. Ra8 g3
59. Rg8 Rf1 60. Rxg3+ {Game drawn by mutual agreement} 1/2-1/2

[Event "Team 45 45 League T25"]
[Site "Internet Chess Club"]
[Date "2004.12.20"]
[Round "2"]
[White "BenjaminSisko"]
[Black "jmc860"]
[Result "1-0"]
[WhiteElo "1641"]
[BlackElo "1546"]
[TimeControl "2700+45"]

1. Nf3 e6 2. g3 d5 3. Bg2 Nf6 4. O-O c5 5. d3 Nc6 6. Nbd2 Be7 7. e4 dxe4 8. dxe4
e5 9. Nc4 Qxd1 10. Rxd1 Nxe4 11. Nfxe5 Nxe5 12. Nxe5 Nf6 13. Nc6 Bg4 14. Re1 Be6
15. Nxe7 Kxe7 16. Bxb7 Rab8 17. Bg2 Rhd8 18. b3 Kf8 19. Ba3 Rbc8 20. Rad1 Re8
21. Rd6 Kg8 22. Bc6 Re7 23. Red1 g6 24. Rd8+ Rxd8 25. Rxd8+ Kg7 26. Bxc5 Bd7 27.
Bxe7 Bxc6 28. Bxf6+ Kxf6 29. Rd6+ {Black resigns} 1-0

[Event "Team 45 45 League T25"]
[Site "Internet Chess Club"]
[Date "2004.12.18"]
[Round "2"]
[White "jantonio"]
[Black "Smart"]
[Result "1-0"]
[WhiteElo "1600"]
[BlackElo "1565"]
[TimeControl "2700+45"]

1. Nf3 d5 2. g3 Bg4 3. Bg2 c6 4. O-O Nd7 5. h3 Bh5 6. d3 e6 7. Nbd2 Bd6 8. b3
Ne7 9. Bb2 O-O 10. e4 Rc8 11. Qc1 c5 12. e5 Bc7 13. g4 Bg6 14. Re1 h6 15. Nf1
Ba5 16. Rd1 Bh7 17. c4 d4 18. Ng3 Bc7 19. Ne4 Bxe4 20. dxe4 Ng6 21. Ba3 Ngxe5
22. Nxe5 Bxe5 23. f4 Bf6 24. e5 Nxe5 25. fxe5 Bg5 26. Qc2 b6 27. Bc1 Bh4 28. Bf4
Qc7 29. Rf1 Rcd8 30. Rad1 Rd7 31. Kh1 Rfd8 32. Qd3 Qc8 33. Be4 Qa6 34. Qd2 f6
35. exf6 Bxf6 36. Bxh6 Bh4 37. Bf4 d3 38. Rf3 Rd4 39. Rxd3 Rxd3 40. Bxd3 Qb7+
41. Qg2 Qf7 42. Bg3 Bf6 43. Qe4 Kf8 44. Rf1 Qd7 45. Bc2 Qd2 46. g5 Qxg5 47. Bh4
Qh6 48. Bxf6 Qxh3+ 49. Kg1 Qg3+ 50. Qg2 Qe3+ 51. Qf2 Qxf2+ 52. Rxf2 gxf6 53.
Rxf6+ Ke7 54. Rh6 Rf8 55. Rh7+ Rf7 56. Rxf7+ Kxf7 57. Be4 Kf6 58. Kf2 e5 59. Bd5
Ke7 60. Ke3 Kd6 61. Ke4 a6 62. a4 a5 63. Kf5 e4 64. Bxe4 Kd7 65. Ke5 Kc7 66. Ke6
Kc8 67. Kd6 Kb8 68. Kd7 Ka7 69. Kc7 Ka6 70. Kb8 b5 71. cxb5+ Kb6 72. Bd5 c4 73.
Bxc4 Kc5 74. Kc7 {Black resigns} 1-0

[Event "Team 45 45 League T25"]
[Site "Internet Chess Club"]
[Date "2004.12.19"]
[Round "2"]
[White "Poet-Laureate"]
[Black "SnoopDoggyDogg"]
[Result "1/2-1/2"]
[WhiteElo "1850"]
[BlackElo "1909"]
[TimeControl "2700+45"]

1. d4 Nf6 2. c4 e6 3. a3 d5 4. Nf3 c6 5. e3 b6 6. Nc3 Ba6 7. b3 c5 8. Bd3 Be7 9.
O-O O-O 10. Qc2 cxd4 11. exd4 Nc6 12. Be3 Rc8 13. Ng5 h6 14. Nh7 Nxh7 15. Bxh7+
Kh8 16. Bd3 dxc4 17. bxc4 Nxd4 18. Bxd4 Qxd4 19. Rad1 Bxc4 20. Ne2 Bxd3 21. Qxd3
Qxd3 22. Rxd3 Rfd8 23. Rb3 Rd2 24. Ng3 Rcd8 25. h3 Ra2 26. Rc3 Rxa3 27. Rc7 Bc5
28. Ne4 Bd6 29. Rxf7 a5 30. Rb1 Kg8 31. Rb7 Bc5 32. Rc1 Rc8 33. Kh1 Ra4 34. Nd6
Rf8 35. Nc4 Bxf2 36. Nxb6 Rb4 37. Rcc7 Bd4 38. Nd7 Rf1+ 39. Kh2 Rxb7 40. Rxb7
Rf7 41. Rb8+ Kh7 42. Nf8+ Rxf8 43. Rxf8 Be5+ 44. g3 Kg6 45. Kg2 Bd6 46. Ra8 Bb4
47. Kf3 Kf5 48. Rb8 Ke5 49. Rb7 g5 50. Rh7 a4 51. Rxh6 a3 52. Rh8 Kd4 53. Rc8 e5
54. h4 gxh4 55. gxh4 Kd3 56. Re8 Bc3 57. h5 a2 58. Rd8+ Kc2 59. Ra8 e4+ 60. Kxe4
a1=Q 61. Rxa1 Bxa1 62. Kf5 Kd3 63. Kg6 Ke4 64. h6 Kd5 65. Kf7 Kd6 66. Kg8 Ke7
67. h7 Ke8 68. h8=Q Bxh8 {Game drawn because neither player has mating material}
1/2-1/2

[Event "Team 45 45 League T25"]
[Site "Internet Chess Club"]
[Date "2004.12.18"]
[Round "2"]
[White "Chess2Play"]
[Black "ramakrishna"]
[Result "0-1"]
[WhiteElo "1730"]
[BlackElo "1844"]
[TimeControl "2700+45"]

1. d4 Nf6 2. c4 g6 3. Nc3 d5 4. Bg5 Ne4 5. Nxe4 dxe4 6. e3 Bg7 7. Qc2 Bf5 8. Ne2
c5 9. Qa4+ Bd7 10. Qc2 f5 11. d5 Na6 12. Nc3 h6 13. Bh4 Qa5 14. Be2 Nb4 15. Qd2
Ba4 16. O-O Bd7 17. Rfd1 Kf7 18. d6 e6 19. Be7 Nc6 20. f3 exf3 21. Bxf3 Ne5 22.
Bxb7 Nxc4 23. Qe2 Rab8 24. Qxc4 Rxb7 25. Rab1 Rhb8 26. e4 Rxb2 27. Rxb2 Rxb2 28.
Ne2 Qxa2 29. exf5 Qxc4 {White resigns} 0-1

[Event "Team 45 45 League T25"]
[Site "Internet Chess Club"]
[Date "2004.12.18"]
[Round "2"]
[White "viking99"]
[Black "Xidnan"]
[Result "1-0"]
[WhiteElo "1791"]
[BlackElo "1515"]
[TimeControl "2700+45"]

1. e4 c5 2. Nf3 Nc6 3. d4 cxd4 4. Nxd4 d6 5. c4 g6 6. Nc3 Bg7 7. Be3 Nf6 8. Be2
O-O 9. O-O Bd7 10. Rc1 b6 11. Qd2 Rc8 12. f3 Ne5 13. b3 Re8 14. Ndb5 Bxb5 15.
Nxb5 Qd7 16. Rfd1 Qb7 17. Nc3 Red8 18. Nd5 Nxd5 19. cxd5 Rxc1 20. Rxc1 Rc8 21.
f4 Nd7 22. Bb5 Nc5 23. Qc2 a5 24. a3 Rb8 25. Qc4 Bb2 26. Rc2 Bxa3 27. Bd2 Qa7
28. Ra2 Nxb3 29. Qxb3 Bc5+ 30. Be3 Rc8 31. Bc6 Bxe3+ 32. Qxe3 Rb8 33. Bb5 Qc7
34. Ra1 Rc8 35. Ba6 Rb8 36. Rc1 Qa7 37. Bb5 Qb7 38. Rc6 Qa7 39. Qd4 f6 40. Qc4
Rb7 41. g4 Rb8 42. Rc8+ Rxc8 43. Qxc8+ Kg7 44. Qc6 a4 45. Kf1 a3 46. Qc1 Qa5 47.
Bc4 b5 48. Bb3 b4 49. Qc4 Qc5 50. Qxc5 dxc5 51. Ke2 f5 52. g5 Kf8 53. Kd3 Ke8
54. exf5 gxf5 55. Kc4 Kd7 56. Kxc5 Kc7 57. Kxb4 Kb6 58. Kxa3 Kc5 59. h4 Kd4 60.
h5 Ke3 61. g6 hxg6 62. hxg6 Kxf4 63. g7 Ke3 64. g8=Q f4 65. Qe6+ Kf2 66. Bc4 f3
67. Qxe7 Kg1 68. Kb3 f2 69. Kc3 Kh2 70. Qh4+ Kg1 71. Kd2 Kg2 72. Ke3 Kg1 73.
Qxf2+ Kh1 74. Qf8 {Black resigns} 1-0

[Event "Team 45 45 League T25"]
[Site "Internet Chess Club"]
[Date "2004.12.20"]
[Round "2"]
[White "Colonel-Klutz"]
[Black "forku2"]
[Result "0-1"]
[WhiteElo "1398"]
[BlackElo "1646"]
[TimeControl "2700+45"]

1. e4 e6 2. d4 d5 3. Nc3 dxe4 4. Nxe4 Bd7 5. Nf3 Bc6 6. Bd3 Nd7 7. O-O Ngf6 8.
Re1 Bxe4 9. Bxe4 Nxe4 10. Rxe4 Be7 11. h4 Nf6 12. Re2 c5 13. c3 Kf8 14. Ng5 cxd4
15. cxd4 Qa5 16. g3 Rd8 17. Bd2 Qf5 18. Re5 Qg4 19. Bf4 Qxd1+ 20. Rxd1 Nd5 21.
Nxe6+ fxe6 22. Rxe6 Kf7 23. Re4 Rhe8 24. Be5 Bf6 25. f4 Bxe5 26. fxe5 Ke6 27.
Rf1 Rf8 28. Rg4 Rxf1+ 29. Kxf1 Ne3+ {White resigns} 0-1

[Event "Team 45 45 League T25"]
[Site "Internet Chess Club"]
[Date "2004.12.18"]
[Round "2"]
[White "fledermaus"]
[Black "billarvola"]
[Result "1-0"]
[WhiteElo "2018"]
[BlackElo "1977"]
[TimeControl "2700+45"]

1. d4 Nf6 2. c4 e6 3. Nc3 Bb4 4. Qc2 O-O 5. a3 Bxc3+ 6. Qxc3 b6 7. Bg5 Bb7 8.
Nf3 d6 9. Nd2 h6 10. Bh4 Nbd7 11. f3 d5 12. cxd5 exd5 13. e3 Rc8 14. Bd3 c5 15.
O-O Qe7 16. Bf5 g5 17. Bg3 Nh5 18. Bf2 Ng7 19. Bb1 Ne6 20. dxc5 Nexc5 21. Qc2
Nf6 22. b4 Nce4 23. Qb2 Nxf2 24. Kxf2 Rfe8 25. Qd4 Qe5 26. Qxe5 Rxe5 27. Bd3 Rc3
28. Ke2 Re7 29. Rfc1 Rec7 30. Nb3 Nd7 31. Kd2 Rxc1 32. Rxc1 Rxc1 33. Nxc1 Ne5
34. Kc3 f6 35. Nb3 h5 36. Be2 h4 37. Nd4 Kf7 38. f4 Nc4 39. Bxc4 dxc4 40. g3
hxg3 41. hxg3 Bd5 42. Nb5 a5 43. bxa5 bxa5 44. Nd6+ Ke6 45. Nxc4 gxf4 46. gxf4
Kf5 47. Nxa5 Ke4 48. Nc4 Bc6 49. Kb4 Kd3 50. Kc5 Be8 51. e4 Bf7 52. Nd6 Bb3 53.
e5 fxe5 54. fxe5 Ke3 55. Nc4+ Kf4 56. e6 {Black resigns} 1-0

[Event "Team 45 45 League T25"]
[Site "Internet Chess Club"]
[Date "2004.12.19"]
[Round "2"]
[White "nminwalla"]
[Black "Bydlo"]
[Result "1-0"]
[WhiteElo "1786"]
[BlackElo "1862"]
[TimeControl "2700+45"]

1. e4 c5 2. Nf3 e6 3. d4 cxd4 4. Nxd4 Nf6 5. Nc3 Nc6 6. Ndb5 Bb4 7. a3 Bxc3+ 8.
Nxc3 d5 9. exd5 exd5 10. Bd3 d4 11. Ne2 O-O 12. O-O Bg4 13. f3 Bh5 14. Bg5 Qd6
15. Qe1 Rfe8 16. Rd1 h6 17. Bf4 Qe6 18. Qf2 Rad8 19. Rfe1 Qc8 20. Qh4 Bg6 21.
Bxh6 Bxd3 22. cxd3 Qf5 23. Bg5 Re6 24. Bxf6 {Black forfeits on time} 1-0

[Event "Team 45 45 League T25"]
[Site "Internet Chess Club"]
[Date "2004.12.19"]
[Round "2"]
[White "Whacker"]
[Black "pork"]
[Result "1-0"]
[WhiteElo "1511"]
[BlackElo "1552"]
[TimeControl "2700+45"]

1. d4 Nf6 2. c4 g6 3. Nc3 d5 4. cxd5 Nxd5 5. e4 Nxc3 6. bxc3 Bg7 7. Bc4 c5 8.
Ne2 Bg4 9. f3 Be6 10. Bxe6 fxe6 11. Qb3 cxd4 12. Qxb7 Nd7 13. cxd4 O-O 14. O-O
Nb6 15. Be3 Nc4 16. Bf2 Qd6 17. e5 Qd8 18. Rfc1 Nb6 19. Nf4 Rxf4 20. Rd1 Nd5 21.
Bg3 Rf8 22. Bh4 Re8 23. Rac1 Bh6 24. Rc6 Kf7 25. Rdc1 Qb8 26. Qd7 Bxc1 27. Qxe6+
Kf8 28. Qxd5 Be3+ 29. Kf1 Qb1+ 30. Ke2 Bh6 31. Bxe7+ Rxe7 32. Rf6+ Kg7 33. Qxa8
Qxa2+ 34. Kd3 Qd2+ 35. Ke4 Qc2+ 36. Kd5 Qb3+ 37. Ke4 Qb7+ 38. Qxb7 Rxb7 39. d5
Bg5 40. Rc6 Rb4+ 41. Kd3 Rb7 42. d6 Bd8 43. e6 Rb6 44. Rxb6 Bxb6 45. Kc4 Kf6 46.
Kd5 a5 47. e7 Kf7 48. Kc6 a4 49. Kd7 a3 50. e8=Q+ {Black resigns} 1-0

[Event "Team 45 45 League T25"]
[Site "Internet Chess Club"]
[Date "2004.12.20"]
[Round "2"]
[White "vvsi"]
[Black "bmw2002"]
[Result "1-0"]
[WhiteElo "1642"]
[BlackElo "1508"]
[TimeControl "2700+45"]

1. e4 e5 2. Nf3 Nc6 3. d4 exd4 4. Nxd4 Nf6 5. Nxc6 bxc6 6. e5 Nd5 7. c4 Bb4+ 8.
Bd2 Bxd2+ 9. Nxd2 Ne7 10. Bd3 O-O 11. O-O d6 12. exd6 cxd6 13. Qc2 Ng6 14. Rad1
f5 15. Nf3 Qf6 16. Rfe1 c5 17. Qd2 Bb7 18. Be2 Rad8 19. b3 Rfe8 20. Ng5 f4 21.
Bf3 Rxe1+ 22. Rxe1 Qxg5 23. Bxb7 Ne5 24. Bd5+ Kh8 25. f3 h5 26. Re2 Rf8 27. b4
Rf6 28. bxc5 dxc5 29. Qa5 h4 30. Qd8+ Kh7 31. Qg8+ Kh6 32. Be4 Ng6 33. Rd2 h3
34. Qd5 Ne5 35. a4 Ra6 36. Qa8 Ng6 37. Qe8 Rxa4 38. Qxa4 Nh4 39. Qa2 hxg2 40.
Rd6+ g6 41. Qa6 Qe5 42. Rxg6+ Kh5 43. Rh6+ Kg5 44. Rxh4 Qd4+ 45. Kxg2 Qd2+ 46.
Kh3 Qd7+ 47. Rg4+ Kh5 48. Qg6# {Black checkmated} 1-0

[Event "Team 45 45 League T25"]
[Site "Internet Chess Club"]
[Date "2004.12.19"]
[Round "2"]
[White "clarinetref"]
[Black "Midwest-Rook"]
[Result "0-1"]
[WhiteElo "1336"]
[BlackElo "1255"]
[TimeControl "2700+45"]

1. Nf3 d5 2. c4 d4 3. g3 c5 4. d3 Bg4 5. Bg2 Nc6 6. O-O Qd7 7. Re1 Nf6 8. e3 h5
9. exd4 Nxd4 10. Bg5 Qf5 11. Nxd4 cxd4 12. f3 Qxg5 13. fxg4 hxg4 14. Bxb7 Rd8
15. Bc6+ Nd7 16. Qd2 Qxd2 17. Nxd2 e6 18. Re4 Rc8 19. Bxd7+ Kxd7 20. Rxd4+ Ke8
21. Rxg4 g6 22. Re1 Bb4 23. Re2 Rd8 24. d4 Rh5 25. a3 Ba5 26. b4 Bb6 27. c5 Bc7
28. Rf4 Bxf4 29. gxf4 Rxd4 30. Rf2 Rh4 31. Nf3 Rd1+ 32. Kg2 Rxf4 33. c6 Rc4 34.
Ne5 Rc3 35. b5 Rd5 36. Nxf7 Ke7 37. Nh8 Rg5+ 38. Kf1 Rxb5 39. Rf7+ Kd6 40. Rd7+
Ke5 41. Nxg6+ Kf6 42. Nf4 Rxc6 43. Rxa7 Rf5 44. Ra4 e5 45. Kg2 Rxf4 46. Ra8 Rc2+
47. Kg3 Rc3+ 48. Kg2 Rg4+ 49. Kf2 Kf5 50. a4 Ra3 51. a5 Rga4 52. h4 Rxa5 53. h5
Rxa8 {White resigns} 0-1

[Event "Team 45 45 League T25"]
[Site "Internet Chess Club"]
[Date "2004.12.20"]
[Round "2"]
[White "wojozim"]
[Black "jientho"]
[Result "1/2-1/2"]
[WhiteElo "1378"]
[BlackElo "1329"]
[TimeControl "2700+45"]

1. e4 e5 2. Nf3 Nf6 3. Nxe5 Bd6 4. Nf3 Nxe4 5. Qe2 O-O 6. d3 Nf6 7. Nc3 Bb4 8.
Qd1 Bxc3+ 9. bxc3 Re8+ 10. Be2 c5 11. O-O d5 12. Rb1 Qa5 13. Bd2 Qa6 14. Re1 Bg4
15. d4 Qe6 16. Bb5 Ne4 17. Bxe8 Qxe8 18. Rxb7 {Game drawn by mutual agreement}
1/2-1/2

[Event "Team 45 45 League T25"]
[Site "Internet Chess Club"]
[Date "2004.12.19"]
[Round "2"]
[White "hotzoddy"]
[Black "cazj"]
[Result "0-1"]
[WhiteElo "1166"]
[BlackElo "1284"]
[TimeControl "2700+45"]

1. e4 e5 2. Nf3 Nc6 3. Nc3 Nf6 4. Bc4 Bb4 5. Nd5 Nxe4 6. Qe2 Nf6 7. O-O d6 8. d3
O-O 9. Bg5 Bg4 10. h3 Bxf3 11. Qxf3 Nd4 12. Qd1 c6 13. Nxf6+ gxf6 14. Be3 d5 15.
Qg4+ Kh8 16. Bxd4 dxc4 17. c3 Ba5 18. Bc5 Rg8 19. Qh5 Qd5 20. g3 Qxc5 21. Qxf7
Rxg3+ 22. Kh2 Rg7 23. Qxf6 cxd3 24. b4 Qd5 25. bxa5 Qg2# {White checkmated} 0-1